 Seeded DCSS version 0.31.0-11-ge490571c62 (webtiles) character file.

Game seed: 8799821514367181042 (custom seed)

261 CInkIbrahim the Chopper (level 6, 0/37 HPs)
             Began as a Gargoyle Fighter on Feb 11, 2024.
             Killed by divine providence
             ... invoked by an orc priest
              (13 damage)
             ... on level 3 of the Dungeon.
             The game lasted 00:03:47 (1695 turns).

CInkIbrahim the Chopper (Gargoyle Fighter)          Turns: 1695, Time: 00:03:47

Health: 0/37       AC: 12    Str: 22    XL:     6   Next: 18%
Magic:  6/6        EV:  9    Int:  8    God:
Gold:   59         SH:  4    Dex:  9    Spells: 5/5 levels left

rFire   . . .        b - +2 short sword (venom)
rCold   . . .        c - +0 buckler
rNeg    + . .        j - +0 scale mail
rPois   ∞            (no helmet)
rElec   +            (no cloak)
rCorr   .            i - +0 pair of gloves
SInv    .            (no boots)
Will    .....        n - amulet of faith Stlth
                     (no ring)
HPRegen 0.26/turn    (no ring)
MPRegen 0.10/turn

%: faith
@: mighty
A: sickness immunity, AC +4, negative energy resistance 1, electricity
resistance, torment resistance 1, petrification resistance
a: no special abilities


You were on level 3 of the Dungeon.
You visited 1 branch of the dungeon, and saw 3 of its levels.

You collected 59 gold pieces.

Inventory:

Hand Weapons
 a - a +0 war axe
 b - a +2 short sword of venom (weapon)
Armour
 c - a +0 buckler (worn)
 i - a +0 pair of gloves (worn)
 j - a +0 scale mail (worn)
 m - a +0 barding
Jewellery
 n - an amulet of faith (around neck)
Scrolls
 g - a scroll of acquirement {unknown}
 o - a scroll of identify {unknown}
 p - a scroll of fog {unknown}
 q - 3 scrolls of noise {unknown}
Potions
 d - 2 potions of might
 e - a potion of berserk rage {unknown}
 f - a potion of curing {unknown}
 h - a potion of haste {unknown}
 k - a potion of enlightenment {unknown}
 l - a potion of cancellation {unknown}


   Skills:
 - Level 3.2 Fighting
 + Level 5.7 Axes
 - Level 3.2 Armour
 - Level 3.2 Shields


You had 5 spell levels left.
You didn't know any spells.
Your spell library contained the following spells:

 Spells                   Type           Power      Damage    Failure   Level
 Sandblast                Erth           0%         2d4       80%         1
 Passwall                 Erth           0%         N/A       99%         3
 Stone Arrow              Conj/Erth      0%         3d7       99%         3
 Brom's Barrelling Bould  Conj/Erth      0%         2d3       100%        4


Dungeon Overview and Level Annotations

Branches:
Dungeon (3/15)

Altars:

Shops:
D:1 (


Innate Abilities, Weirdness & Mutations

You are immune to sickness and miasma.
Your stone body is resilient. (AC +4)
You are immune to poison.
You resist negative energy. (rN+)
You are resistant to electric shocks. (rElec)
You are resistant to unholy torment.
You are immune to petrification.


Message History

The bat hits you but does no damage.
An orc wizard comes into view. It is wielding a +0 dagger.
You see here a quokka corpse.
The ball python hisses angrily.
The orc wizard shouts!
You puncture the bat!
You kill the bat!
The orc priest looks more healthy.
You puncture the orc!
You kill the orc!
An orc comes into view.
It is wielding a +0 flail of protection.
The frilled lizard bites you but does no damage.
You closely miss the orc.
The orc shouts!
The frilled lizard bites you but does no damage.
You hit the orc.
The orc is poisoned.
The orc is heavily wounded.
The orc priest miscasts a cantrip.
The orc barely misses you. The frilled lizard closely misses you.
The orc hits you but does no damage.
An endoplasm comes into view.
You barely miss the orc.
The orc is heavily wounded.
The adder bites you but does no damage. You block the orc's attack.
The frilled lizard bites you but does no damage.
The orc hits you but does no damage.
The orc priest casts a cantrip, but nothing happens.
You barely miss the orc.
The orc is heavily wounded.
The adder bites you. The orc hits you with a +0 mace.
You block the frilled lizard's attack. The adder closely misses you.
The orc hits you with a +0 flail.
You hit the orc.
You kill the orc!
The adder bites you but does no damage. The ball python closely misses you.
You block the ball python's attack. The orc hits you with a +0 mace.
The ribbon worm bites you but does no damage.
The orc barely misses you.
The orc priest calls down the wrath of Beogh upon you.
Beogh smites you!
You die...

#..........
#..........
#..........
#..........
#.....J.... .
#..o....... ..
#..So...... ...
+.oS# .... ###@#
.....###w####
.......woo..##
.............###
...............##
........)...##..#
............###.#
............###.#
..............#.#


You could see a ribbon worm, an orc priest, an orc wizard, an adder, a dart
slug, 3 orcs, an endoplasm and a ball python.

Vanquished Creatures
  Terence (D:1)
  Natasha (thrice) (D:2)
  4 gnolls
  4 adders (D:2)
  A ribbon worm (D:2)
  4 dart slugs
  2 orcs (D:3)
  5 bats
  5 endoplasms
  5 giant cockroaches
  8 goblins
  8 hobgoblins
  8 jackals
  3 quokkas
  5 ball pythons
  2 frilled lizards
  3 kobolds
  A rat (D:2)
72 creatures vanquished.

Notes
Turn   | Place    | Note
-------+----------+-------------------------------------------
     0 | D:1      | CInkIbrahim the Gargoyle Fighter began the quest for the
                  | Orb.
     0 | D:1      | Reached XP level 1. HP: 14/14 MP: 1/1
    54 | D:1      | Reached skill level 2 in Axes
   102 | D:1      | Reached XP level 2. HP: 19/19 MP: 2/2
   352 | D:1      | Reached skill level 3 in Axes
   393 | D:1      | Reached XP level 3. HP: 23/23 MP: 3/3
   528 | D:1      | Found Waanla's Antique Weapon Boutique.
   851 | D:2      | Noticed Terence
   860 | D:1      | Killed Terence
   861 | D:1      | Reached skill level 4 in Axes
   861 | D:1      | Reached XP level 4. HP: 22/28 MP: 4/4
  1081 | D:2      | Reached XP level 5. HP: 32/32 MP: 5/5
  1100 | D:2      | Found a faded altar of an unknown god.
  1244 | D:2      | Reached skill level 5 in Axes
  1248 | D:2      | Noticed Natasha
  1257 | D:2      | Killed Natasha
  1458 | D:2      | Noticed Natasha
  1467 | D:2      | Killed Natasha
  1558 | D:2      | Noticed Natasha
  1569 | D:2      | Killed Natasha
  1570 | D:2      | Reached XP level 6. HP: 36/37 MP: 6/6
  1695 | D:3      | Killed from afar by an orc priest

Illustrated notes

Levels and vault maps discovered:
D:1:      dpeg_arrival_rhombi, layout_loops_ring, serial_shops,
          nicolae_shop_pleasant_corner_grove
D:2:      layout_rooms, ebering_ecumenical_altar_hall, uniq_natasha,
          uniq_terence
D:3:      layout_basic, mainiacjoe_overflow_divided_tiny

Skill      XL: |  1  2  3  4  5 |
---------------+----------------+-----
Axes           | 2 3 4 5 |  5.7
Fighting       | |  3.2
Armour         | |  3.2
Shields        | |  3.2

Action                     |  1- 3 |  4- 6 || total
---------------------------+-------+-------++-------
  Melee: War axe           |    95 |       ||    95
         Short sword       |     5 |   162 ||   167
    Use: Potion            |       |     1 ||     1
 Armour: Scale mail        |    71 |   145 ||   216
  Dodge: Dodged            |    52 |    72 ||   124
  Block: Buckler           |    22 |    39 ||    61
